 Dungeon Crawl Stone Soup version 0.31-a0-202-g547052bce9 (webtiles) character file.

Game seed: 29547773317315867

49 qw the Shooter (level 3, -1/20 HPs)
             Began as a Deep Elf Hunter on June 26, 2023.
             Slain by Terence
             ... wielding a +0 mace
              (5 damage)
             ... on level 3 of the Dungeon.
             The game lasted 00:00:32 (1365 turns).

qw the Shooter (Deep Elf Hunter)                    Turns: 1365, Time: 00:00:32

Health: -1/20      AC:  5    Str: 10    XL:     3   Next: 51%
Magic:  5/5        EV: 11    Int: 13    God:
Gold:   36         SH:  0    Dex: 18    Spells: 2/2 levels left

rFire   . . .        Y - +0 shortbow
rCold   . . .        (shield currently unavailable)
rNeg    + . .        g - +0 ring mail
rPois   .            (no helmet)
rElec   .            (no cloak)
rCorr   .            (no gloves)
SInv    .            (no boots)
Will    .....        (no amulet)
Stlth   +            e - ring of positive energy
HPRegen 0.23/turn    (no ring)
MPRegen 0.09/turn

%: no passive effects
@: no status effects
A: no striking features
a: no special abilities


You were on level 3 of the Dungeon.
You visited 1 branch of the dungeon, and saw 3 of its levels.

You collected 36 gold pieces.


   Skills:
 - Level 1.5 Fighting
 + Level 7.0 Ranged Weapons
 - Level 2.4 Dodging
 - Level 1.2 Stealth


You had 2 spell levels left.
You didn't know any spells.
Your spell library was empty.

Inventory:

Hand Weapons
 Y - a +0 shortbow (weapon)
Armour
 g - a +0 ring mail (worn)
Jewellery
 e - a ring of positive energy (left hand)
Scrolls
 b - a scroll of identify
Potions
 c - a potion of degeneration {unknown}
 d - a potion of mutation {unknown}
 h - a potion of ambrosia {unknown}
 l - a potion of curing {unknown}

Dungeon Overview and Level Annotations

Branches:
Dungeon (3/15)

Altars:

Annotations:
D:3 Terence


Message History

You shoot an arrow. The arrow hits the worm!
You kill the worm!
You start resting.
HP restored.
You now have 26 gold pieces (gained 6).
You now have 36 gold pieces (gained 10).
A bat comes into view.
The bat moves out of view.
A bat is nearby!
You shoot an arrow.
The arrow hits the bat but does no damage.
You shoot an arrow. The arrow closely misses the bat.
The bat hits you but does no damage.
You shoot an arrow. The arrow hits the bat.
The bat is heavily wounded.
The bat misses you.
You shoot an arrow. The arrow hits the bat!
You kill the bat!
Terence shouts!
You shoot an arrow.
The arrow hits Terence but does no damage.
Terence is moderately wounded.
You shoot an arrow. The arrow closely misses Terence.
Terence hits you with a +0 mace.
You shoot an arrow.
The arrow hits Terence but does no damage.
Terence is moderately wounded.
Terence misses you. Terence hits you with a +0 mace.
You shoot an arrow. The arrow barely misses Terence.
Terence hits you with a +0 mace.
You shoot an arrow. The arrow barely misses Terence.
Terence hits you with a +0 mace.
You shoot an arrow.
The arrow hits Terence but does no damage.
Terence is moderately wounded.
Terence closely misses you.
You shoot an arrow. The arrow hits Terence.
Terence is severely wounded.
Terence hits you with a +0 mace.
You die...

#.#.######.#
#.#........#####.##
#.########.........
#.# #.#######. #.#
#># #.# #.. #.#
#.## #.#### #.#
#..@.# ... ####@#
..# .# #.# .. ..#
..# .#. ...


You could see Terence.

Vanquished Creatures
  An adder (D:2)
  A worm (D:3)
  2 endoplasms (D:1)
  3 giant cockroaches
  4 goblins (D:1)
  3 hobgoblins (D:1)
  3 jackals (D:2)
  A quokka (D:1)
  2 ball pythons
  6 bats
  2 frilled lizards (D:1)
  3 kobolds (D:1)
  2 rats
33 creatures vanquished.

Notes
Turn   | Place    | Note
-------+----------+-------------------------------------------
     0 | D:1      | qw the Deep Elf Hunter began the quest for the Orb.
     0 | D:1      | Reached XP level 1. HP: 12/12 MP: 3/3
     0 | D:1      | 0 ||| qw: Version: 0.3-a-22-g0ed2b0b
     0 | D:1      | 0 ||| qw: Game counter: 6046
     0 | D:1      | 0 ||| qw: Melee chars always use a shield: true
     0 | D:1      | 0 ||| qw: God list: Okawaru
     0 | D:1      | 0 ||| qw: Allow faded altars: false
     0 | D:1      | 0 ||| qw: Do Orc after clearing Dungeon:15 true
     0 | D:1      | 0 ||| qw: Do second Lair branch before Depths: true
     0 | D:1      | 0 ||| qw: Lair rune preference: random
     0 | D:1      | 0 ||| qw: Goals: Normal
     0 | D:1      | 0 ||| PLANNING D:1-11
   206 | D:1      | Reached skill level 6 in Ranged Weapons
   206 | D:1      | Reached XP level 2. HP: 16/16 MP: 4/4
   414 | D:1      | 414 ||| UPGRADING to +0 ring mail.
   454 | D:1      | 454 ||| UPGRADING to +0 leather armour.
   459 | D:1      | 459 ||| UPGRADING to +0 ring mail.
   469 | D:1      | 469 ||| DROPPING +0 leather armour.
   671 | D:1      | Noticed a golden eye
   675 | D:1      | Found a faded altar of an unknown god.
   685 | D:1      | Noticed a golden eye
   685 | D:1      | Noticed a great orb of eyes
   685 | D:1      | Noticed a shining eye
  1007 | D:1      | 1007 ||| UPGRADING to ring of positive energy.
  1008 | D:1      | 1008 ||| READING 2 scrolls labelled CYMAOT QINE.
  1012 | D:1      | 1012 ||| READING scroll labelled UWUTHI URGHI.
  1013 | D:1      | 1013 ||| READING scroll labelled JEHASA KUKUT.
  1014 | D:1      | 1014 ||| DRINKING 2 sapphire potions.
  1048 | D:1      | 1048 ||| DROPPING scroll of butterflies.
  1049 | D:1      | 1049 ||| DROPPING potion of lignification.
  1065 | D:2      | Reached XP level 3. HP: 20/20 MP: 5/5
  1103 | D:2      | You fall into a shaft and drop 1 floor!
  1115 | D:3      | Noticed Terence
  1126 | D:3      | HP: 4/20 [Terence/+0 mace (3)]
  1127 | D:3      | 1127 ||| READING scroll of teleportation.
  1219 | D:3      | Reached skill level 7 in Ranged Weapons
  1363 | D:3      | HP: 4/20 [Terence/+0 mace (6)]
  1365 | D:3      | Slain by Terence

Levels and vault maps discovered:
D:1:      heliophobic_arrival_glass_houses, layout_basic,
          hellmonk_ecumenical_altar_watching_god,
          chequers_serial_rivers_micro_c, minmay_door_square, nrook_campfire,
          serial_bayou_ford_a, hangedman_feature_mirror
D:2:      layout_rooms, serial_shops, nicolae_shop_pleasant_corner_grove
D:3:      layout_loops_ring, uniq_terence

Skill      XL: |  1  2  3 |
---------------+----------+-----
Ranged Weapons | 6 7 |  7.0
Fighting       | |  1.5
Dodging        | |  2.4
Stealth        | |  1.2

Action                     || total
---------------------------++-------
   Fire: Shortbow          ||   116
    Use: Scroll            ||     4
         Potion            ||     1
 Armour: Leather armour    ||     4
         Ring mail         ||     9
  Dodge: Dodged            ||    15

Table legend:
 A = Non-vault XP
 B = Vault XP
 C = Vault XP percentage of total XP
 D = Non-vault monster count
 E = Vault monster count
 F = Vault count percentage of total count
                 A         B        C        D         E       F
            +---------+---------+-------+---------+---------+-------
      Total |      67 |       3 |   4.3 |      31 |       2 |   6.1
            +---------+---------+-------+---------+---------+-------
        D:1 |      36 |       3 |   7.7 |      22 |       2 |   8.3
        D:2 |      21 |       0 |   0.0 |       5 |       0 |   0.0
        D:3 |      10 |       0 |   0.0 |       4 |       0 |   0.0
            +---------+---------+-------+---------+---------+-------
